 Dungeon Crawl Stone Soup version 0.28.0-53-g5a82cb258f (webtiles) character file.

Game seed: 2732522695387832419

144 Zeld the Skirmisher (level 5, -6/72 HPs)
             Began as a Minotaur Berserker on May 23, 2022.
             Was a Believer of Trog.
             Mangled by an orc warrior
             ... wielding a +0 mace
              (16 damage)
             ... on level 4 of the Dungeon.
             The game lasted 00:01:42 (2377 turns).

Zeld the Skirmisher (Minotaur Berserker)            Turns: 2377, Time: 00:01:42

Health: -6/72      AC:  2    Str: 24    XL:     5   Next: 5%
Magic:  4/4        EV: 12    Int:  4    God:    Trog [**....]
Gold:   125        SH:  0    Dex:  9    Spells: 4/4 levels left

rFire   . . .      SeeInvis .   a - +0 hand axe
rCold   . . .      Faith    .   (no shield)
rNeg    . . .      Spirit   .   b - +0 animal skin
rPois   .          Reflect  .   (helmet restricted)
rElec   .          Harm     .   (no cloak)
rCorr   .          Rampage  .   (no gloves)
Will    .....                   (no boots)
Stlth   ..........              e - amulet of regeneration
HPRegen 1.02/turn               (no ring)
MPRegen 0.09/turn               (no ring)

@: berserking, very quick
A: horns 2, retaliatory headbutt
a: Renounce Religion, Berserk, Trog's Hand


You were on level 4 of the Dungeon.
You worshipped Trog.
Trog was pleased with you.
You visited 1 branch of the dungeon, and saw 4 of its levels.

You collected 125 gold pieces.

Inventory:

Hand Weapons
 a - a +0 hand axe (weapon)
Armour
 b - a +0 animal skin (worn)
Jewellery
 e - an amulet of regeneration (around neck)
Scrolls
 c - a scroll of vulnerability {unknown}
 f - a scroll of fog {unknown}
 g - 2 scrolls of immolation {unknown}
 h - a scroll of blinking {unknown}
 i - 2 scrolls of amnesia {unknown}
 j - a scroll of teleportation {unknown}
 k - a scroll of enchant armour {unknown}
Potions
 d - a potion of cancellation {unknown}


   Skills:
 * Level 5.1 Fighting
 * Level 4.9 Axes
 + Level 3.3 Armour
 + Level 3.1 Dodging


You had 4 spell levels left.
You didn't know any spells.
Your spell library was empty.

Dungeon Overview and Level Annotations

Branches:
Dungeon (4/15)
 Temple: D:4-7

Altars:


Innate Abilities, Weirdness & Mutations

You have a pair of horns on your head.
You reflexively headbutt those who attack you in melee.


Message History

You barely miss the orc warrior. Your headbutt misses the orc warrior.
You punch the orc warrior.
The orc warrior is lightly wounded.
You hit the orc.
The orc warrior hits you with a +0 mace!!
Unknown command.
You hit the orc.
You kill the orc!
Trog accepts your kill.
You hit the orc warrior but do no damage.
You closely miss the orc. The orc warrior closely misses you.
The orc barely misses you.
You hit the orc warrior.
The orc warrior is moderately wounded.
You hit the orc but do no damage.
The orc warrior hits you with a +0 mace.
You barely miss the orc warrior.
The orc warrior is moderately wounded.
You completely miss the orc.
The orc hits you with a +2 mace of protection.
You barely miss the orc warrior.
The orc warrior is moderately wounded.
You hit the orc but do no damage.
The orc warrior hits you with a +0 mace!
The orc hits you with a +2 mace of protection!
Unknown command.
You are too injured to fight recklessly!
Unknown command.
You are too injured to fight recklessly!
You closely miss the orc warrior.
The orc warrior is moderately wounded.
You slash the orc!
You kill the orc!
Trog accepts your kill.
The orc warrior hits you with a +0 mace!
* * * LOW HITPOINT WARNING * * *
You hit the orc warrior. You headbutt the orc warrior!
The orc warrior is severely wounded.
The orc warrior hits you with a +0 mace!
You die...

####'###..........
#.......####.....
#.....>.'..#.....
#.......#..'.....
#+######.......#..#.....
.........#######..###...
.........# #.....#...
.........# #....>#...
.......@)# #.....#...
.......o)# #.....####
###......# #......#
#(.....# #......#
#......# #......#
#......# #......#
#......# #..>..####
#......# #.....#...
+......# #.....#...


You could see an orc warrior.

Vanquished Creatures
  6 gnolls (D:2)
  2 adders (D:3)
  4 worms (D:2)
  2 dart slugs (D:3)
  3 orcs
  7 ball pythons
  2 endoplasms
  A giant cockroach (D:3)
  2 goblins
  6 hobgoblins
  2 jackals (D:2)
  7 bats
  2 frilled lizards
  3 kobolds
  2 rats (D:1)
51 creatures vanquished.

Notes
Turn   | Place    | Note
-------+----------+-------------------------------------------
     0 | D:1      | Zeld the Minotaur Berserker began the quest for the Orb.
     0 | D:1      | Reached XP level 1. HP: 19/19 MP: 0/0
    35 | D:1      | Found a faded altar of an unknown god.
   435 | D:1      | Reached XP level 2. HP: 20/27 MP: 1/1
   665 | D:1      | Reached skill level 4 in Fighting
   908 | D:2      | Reached XP level 3. HP: 18/33 MP: 2/2
  1075 | D:2      | Reached XP level 4. HP: 30/41 MP: 3/3
  1442 | D:2      | Reached ** piety under Trog
  1764 | D:3      | Reached skill level 5 in Fighting
  2033 | D:3      | Reached XP level 5. HP: 48/48 MP: 4/4
  2359 | D:4      | Noticed an orc warrior
  2377 | D:4      | Mangled by an orc warrior

Illustrated notes

Levels and vault maps discovered:
D:1:      heliophobic_arrival_henge, layout_loops_cross,
          chequers_ecumenical_altar_island
D:2:      layout_basic, nicolae_wormholes
D:3:      layout_loops_cross
D:4:      cheibrodos_fertilizer, layout_gridville, mainiacjoe_overflow_brackets

Skill      XL: |  1  2  3  4 |
---------------+-------------+-----
Fighting       | 4 5 |  5.1
Axes           | 4 |  4.9
Armour         | 3 |  3.3
Dodging        | 3 |  3.1

Action                   |  1- 3 |  4- 6 || total
-------------------------+-------+-------++-------
Melee: Hand axe          |    50 |    66 ||   116
       Headbutt          |     8 |    10 ||    18
       Punch             |       |     3 ||     3
Invok: Berserk           |       |     1 ||     1
 Stab: Sleeping          |     1 |       ||     1
Armor: Animal skin       |     9 |     8 ||    17
Dodge: Dodged            |    40 |    25 ||    65
